AoeStats
← Baltazar

Arena

509704634Analyzed
1v1 RM · 5d ago on Sep 27, 2026· 51m 53s· 2 players
Game mode
Random Map
Map size
Tiny (2 player)
Population
200
Speed
Normal
Resources
Standard
Victory
Conquest
Starting age
Dark Age
Ending age
Imperial Age
RankedLock teamsTeams togetherTeam positionsShared explorationLock speedFull tech treeHidden civsTurbo modeCheats
Victory
Defeat
🇹🇷 Bohemians · Türkiye
429
+10
🇬🇧 Britons · United Kingdom
295
-10
Mortal Wombat
10:22 Feudal Age
10:47 Horse Collar
10:59 Double-Bit Axe
11:51 Wheelbarrow
14:11 Gold Mining
21:28 Castle Age
19:49 Stone Mining
21:05 Man-at-Arms
22:31 Hand Cart
22:22 Heavy Plow
23:45 Bow Saw
23:48 Fervor
25:58 Long Swordsman
25:59 Pikeman
27:55 Gambesons
28:11 Squires
29:10 Forging
28:51 Fletching
29:58 Ballistics
29:53 Padded Archer Armor
30:29 Iron Casting
30:45 Scale Mail Armor
30:41 Bodkin Arrow
34:52 Imperial Age
33:24 Leather Archer Armor
34:47 Chain Mail Armor
34:58 Two-Handed Swordsman
36:55 Chemistry
37:13 Gold Shaft Mining
36:29 Town Watch
36:31 Loom
36:49 Husbandry
37:40 Heated Shot
37:31 Treadmill Crane
39:39 Cavalier
40:04 Elite Longbowman
43:07 Conscription
44:29 Champion
48:47 Hoardings
48:34 Conscription
48:53 Arson
51:35 Murder Holes
51:31 Arrowslits
51:37 Guard Tower
Baltazar
9:58 Feudal Age
10:34 Double-Bit Axe
12:34 Wheelbarrow
11:50 Loom
19:45 Castle Age
17:55 Man-at-Arms
18:49 Arson
20:39 Horse Collar
21:13 Bow Saw
21:58 Town Watch
23:41 Heavy Plow
31:09 Imperial Age
28:37 Long Swordsman
29:17 Squires
28:38 Pikeman
31:55 Chemistry
35:12 Scale Barding Armor
35:00 Fletching
36:26 Husbandry
37:13 Sanctity
36:55 Atonement
37:06 Redemption
38:25 Two-Man Saw
40:16 Cavalier
40:23 Crossbowman
40:27 Two-Handed Swordsman
45:44 Elite Hussite Wagon
Connection lost

Rejoining the realm…

Still unreachable

The connection could not be restored.

Session expired

The server has moved on; the page needs a fresh start.